 Dungeon Crawl Stone Soup version 0.31-a0-865-g3d5d91748a (webtiles) character file.

Game seed: 3845733292951767781

1749671 Flugkiller the Crack Shot (level 26, 173/196 HPs)
             Began as a Deep Elf Delver on Oct 10, 2023.
             Was a High Priest of Okawaru.
             Escaped with the Orb
             ... and 3 runes!
             The game lasted 02:49:45 (63494 turns).

Flugkiller the Crack Shot (Deep Elf Delver)        Turns: 63494, Time: 02:49:45

Health: 173/196    AC: 20    Str:  9    XL:     26   Next: 56%
Magic:  36/44      EV: 41    Int: 22    God:    Okawaru [*****.]
Gold:   3738       SH:  0    Dex: 37    Spells: 38/55 levels left

rFire   + + .        e - +8 longbow (freeze)
rCold   . . .        (shield currently unavailable)
rNeg    + . .        r - +6 leather armour of Impatience {Contam Dex+4 SInv}
rPois   +            Z - +0 helmet of Crawling {rElec rF+ Int+4}
rElec   +            D - +2 cloak
rCorr   .            k - +0 pair of gloves of Anaesthesia {Will+ Regen+ Str-3 SInv}
SInv    +            l - +4 pair of boots of Devotion {rF+ rN+ Regen+}
Will    ++++.        K - amulet of guardian spirit
Stlth   ++           o - ring of poison resistance
HPRegen 2.12/turn    B - +6 ring of dexterity
MPRegen 0.29/turn

%: guardian spirit
@: studying Shields
A: agile 1, strong-willed 1, robust 1, strong 1
0: Orb of Zot
}: 3/15 runes: serpentine, barnacled, slimy
a: Renounce Religion, Heroism, Finesse, Duel


You escaped.
You worshipped Okawaru.
Okawaru was extremely pleased with you.
You visited 11 branches of the dungeon, and saw 51 of its levels.
You also visited: Bailey, Gauntlet, Volcano and Wizlab.

You collected 6074 gold pieces.
You spent 2336 gold pieces at shops.

Inventory:

Hand Weapons
 a - the +8 arc blade {discharge, rElec}
   (You found it in a Gauntlet)

   rElec:     It insulates you from electricity.
 b - the +9 orcbow of Lust {flame, rC+ rN+ Str+2}
   (You bought it in a shop on level 4 of the Snake Pit)

   Str+2:     It affects your strength (+2).
   rC+:       It protects you from cold.
   rN+:       It protects you from negative energy.
 e - a +8 longbow of freezing (weapon)
   (You took it off a deep elf archer on level 1 of the Elven Halls)
Missiles
 I - 12 curare-tipped darts
 R - 10 atropa-tipped darts
 T - 2 throwing nets
 W - 8 datura-tipped darts
Armour
 k - the +0 pair of gloves of Anaesthesia (worn) {Will+ Regen+ Str-3 SInv}
   (Okawaru gifted it to you on level 1 of the Lair of Beasts)

   Str-3:     It affects your strength (-3).
   Will+:     It increases your willpower.
   SInv:      It lets you see invisible.
   Regen+:    It increases your rate of health regeneration.
 l - the +4 pair of boots of Devotion (worn) {rF+ rN+ Regen+}
   (You acquired it in a wizard's laboratory)

   rF+:       It protects you from fire.
   rN+:       It protects you from negative energy.
   Regen+:    It increases your rate of health regeneration.
 r - the +6 leather armour of Impatience (worn) {Contam Dex+4 SInv}
   (You found it on level 2 of the Shoals)

   Dex+4:     It affects your dexterity (+4).
   SInv:      It lets you see invisible.
   Contam:    It causes magical contamination when unequipped.
 D - a +2 cloak (worn)
   (You found it on level 5 of the Dungeon)
 Z - the +0 helmet of Crawling (worn) {rElec rF+ Int+4}
   (You found it in a volcano)

   Int+4:     It affects your intelligence (+4).
   rF+:       It protects you from fire.
   rElec:     It insulates you from electricity.
Jewellery
 c - a ring of protection from cold
   (You took it off a deep elf sorcerer on level 3 of the Elven Halls)
 f - a ring of protection from fire
   (You found it on level 10 of the Dungeon)
 i - the ring of Opniuc {Fly rPois Will++ Str-2 SInv}
   (You took it off a deep elf elementalist on level 3 of the Elven Halls)

   [ring of flight]

   Str-2:     It affects your strength (-2).
   rPois:     It protects you from poison Will++: It greatly increases your
   willpower.
   SInv:      It lets you see invisible.
   Fly:       It grants you flight.
 o - a ring of poison resistance (left hand)
   (You found it on level 5 of the Pits of Slime)
 p - a +4 ring of protection
   (You found it on level 10 of the Dungeon)
 B - a +6 ring of dexterity (right hand)
   (You bought it in a shop on level 4 of the Snake Pit)
 E - a ring of magical power
   (You found it on level 2 of the Realm of Zot)
 K - an amulet of guardian spirit (around neck)
   (You found it on level 1 of the Dungeon)
 X - the ring "Ulaun Fogisch" {Str+4 Int+3 SInv}
   (You took it off a deep elf pyromancer on level 3 of the Elven Halls)

   [ring of see invisible]

   Str+4:     It affects your strength (+4).
   Int+3:     It affects your intelligence (+3).
   SInv:      It lets you see invisible.
Wands
 g - a wand of digging (6)
 j - a wand of roots (28)
   (You found it on level 7 of the Dungeon)
 O - a wand of mindburst (6)
   (You found it on level 2 of the Dungeon)
 Q - a wand of quicksilver (33)
   (You found it on level 3 of the Dungeon)
Scrolls
 m - 7 scrolls of fear
 t - 8 scrolls of teleportation
 v - 2 scrolls of enchant armour
 y - 9 scrolls of poison
 z - 3 scrolls of blinking
 A - 9 scrolls of immolation
 G - a scroll of silence
 N - 2 scrolls of revelation
 P - 7 scrolls of vulnerability
 U - 16 scrolls of fog
Potions
 d - 8 potions of might
 h - 14 potions of haste
 n - 5 potions of resistance
 q - 6 potions of curing
 s - 6 potions of attraction
 u - 5 potions of ambrosia
 w - 3 potions of heal wounds
 F - 6 potions of invisibility
 J - 3 potions of enlightenment
 M - 3 potions of magic
 V - 9 potions of mutation
 Y - 6 potions of cancellation
Miscellaneous
 x - a tin of tremorstones (2/2)
   (You found it on level 5 of the Lair of Beasts)
 C - a phial of floods
   (You found it on level 1 of the Vaults)


   Skills:
 - Level 22.0 Fighting
 - Level 14.0 Short Blades
 + Level 25.1 Ranged Weapons
 - Level 5.0 Throwing
 - Level 4.0 Armour
 - Level 22.0 Dodging
 - Level 10.0 Stealth
 - Level 15.2 Spellcasting
 - Level 10.0 Conjurations
 - Level 10.0 Necromancy
 - Level 8.0 Transmutations
 - Level 5.0 Air Magic
 - Level 10.0 Earth Magic
 - Level 12.0 Invocations
 - Level 10.0 Evocations


You had 38 spell levels left.
You knew the following spells:

 Your Spells              Type           Power      Damage    Failure   Level
a - Wereblood             Tmut           51%        N/A       1%          2
b - Borgnjor's Vile Clut  Necr/Erth      28%        N/A       2%          5
i - Irradiate             Conj/Tmut      27%        3d20      3%          5
r - Blink                 Tloc           32%        N/A       8%          2
w - Swiftness             Air            38%        N/A       1%          3

Your spell library contained the following spells:

 Spells                   Type           Power      Damage    Failure   Level
 Magic Dart               Conj           100%       1d8       1%          1
 Necrotise                Necr           100%       1d9       1%          1
 Sandblast                Erth           100%       2d20      1%          1
 Shock                    Conj/Air       100%       1d9       1%          1
 Sting                    Tmut/Pois      100%       1d8       1%          1
 Cigotuvi's Dreadful Rot  Necr/Pois/Air  76%        N/A       1%          2
 Momentum Strike          Conj/Tloc      76%        3d10      1%          2
 Passwall                 Tmut/Erth      45%        N/A       1%          2
 Searing Ray              Conj           100%       2d8       1%          2
 Static Discharge         Conj/Air       98%        2-7/arc   1%          2
 Sublimation of Blood     Necr           57%        N/A       1%          2
 Vampiric Draining        Necr           57%        2d10      1%          3
 Petrify                  Tmut/Erth      54%        N/A       1%          4
 Poisonous Vapours        Pois/Air       54%        N/A       2%          2
 Agony                    Necr           57%        N/A       2%          5
 Iskenderun's Battlesphe  Conj           57%        2d11      2%          5
 Lee's Rapid Deconstruct  Erth           28%        3d15*     2%          5
 Slow                     Hex            64%        N/A       4%          1
 Ignite Poison            Fire/Tmut/Pois 28%        N/A       4%          3
 Airstrike                Air            19%        2d(3-19)  6%          4
 Anguish                  Hex/Necr       19%        N/A       6%          4
 Flame Wave               Conj/Fire      38%        2d10      6%          4
 Fulminant Prism          Conj/Hex       19%        3d11      6%          4
 Leda's Liquefaction      Hex/Erth       19%        N/A       6%          4
 Sticky Flame             Conj/Fire      38%        2d6       6%          4
 Arcjolt                  Conj/Air       24%        1d34      6%          5
 Ensorcelled Hibernation  Hex/Ice        32%        N/A       8%          2
 Jinxbite                 Hex            32%        N/A       8%          2
 Lesser Beckoning         Tloc           32%        N/A       8%          2
 Bombard                  Conj/Erth      28%        9d5       12%         6
 Confusing Touch          Hex            16%        N/A       14%         3
 Frozen Ramparts          Ice            32%        1d5       14%         3
 Gell's Gravitas          Tloc           16%        N/A       14%         3
 Inner Flame              Hex/Fire       16%        N/A       14%         3
 Ozocubu's Armour         Ice            16%        N/A       14%         3
 Sigil of Binding         Hex            16%        N/A       14%         3
 Teleport Other           Tloc           16%        N/A       14%         3
 Vhi's Electric Charge    Tloc/Air       54%        N/A       17%         4
 Fireball                 Conj/Fire      19%        3d9       17%         5
 Yara's Violent Unravell  Hex/Tmut       17%        3d8       26%         5
 Conjure Ball Lightning   Conj/Air       24%        3x3d7     34%         6
 Cause Fear               Hex            8%         N/A       43%         4
 Dimensional Bullseye     Hex/Tloc       8%         N/A       43%         4
 Olgreb's Toxic Radiance  Pois           16%        N/A       43%         4
 Silence                  Hex/Air        13%        N/A       43%         5
 Metabolic Englaciation   Hex/Ice        8%         N/A       80%         5
 Eringya's Noxious Bog    Tmut/Pois      17%        4d6       82%         6
 Plasma Beam              Fire/Air       13%        2x1d24    95%         6
 Dispersal                Tloc           8%         N/A       100%        6
 Ozocubu's Refrigeration  Ice            8%         4d9       100%        7
 Discord                  Hex            8%         N/A       100%        8
 Disjunction              Tloc           8%         N/A       100%        8
 Polar Vortex             Ice            8%         12d1*     100%        9
 Animate Dead             Necr           Unusable   N/A       N/A         4
 Death Channel            Necr           Unusable   N/A       N/A         6
 Call Canine Familiar     Summ           Unusable   N/A       N/A         3
 Summon Lightning Spire   Summ/Air       Unusable   N/A       N/A         4
 Simulacrum               Ice/Necr       Unusable   N/A       N/A         6
 Spellforged Servitor     Conj/Summ      Unusable   N/A       N/A         7
 Summon Hydra             Summ           Unusable   N/A       N/A         7
 Dragon's Call            Summ           Unusable   N/A       N/A         9

Dungeon Overview and Level Annotations

Branches:
Dungeon (15/15)            Temple (1/1) D:5            Lair (5/5) D:10
 Shoals (4/4) Lair:2        Snake (4/4) Lair:2        Slime (5/5) Lair:5
    Orc (2/2) D:10            Elf (3/3) Orc:2        Vaults (3/5) D:14
 Depths (4/4) D:15            Zot (5/5) Depths:4     Bailey (visited)
Volcano (visited)          WizLab (visited)         Gauntlet (visited)
  Crypt: Vaults:2-3

Altars:
Ashenzari
Cheibriados
Dithmenos
Elyvilon
Fedhas
Gozag
Hepliaklqana
Kikubaaqudgha
Makhleb
Nemelex Xobeh
Okawaru
Qazlal
Ru
Sif Muna
Trog
Uskayaw
Vehumet
Wu Jian
Xom
Yredelemnul
Zin
The Shining One
Jiyva
Lugonu

Shops:
D:6 !   D:13 [   Orc:2 ![[(?   Elf:1 :   Elf:2 (   Snake:2 (   Snake:4 *
Vaults:2 *   Depths:4 :

Portals:
Hell: Depths:1 Depths:2 Depths:3 Depths:4
Abyss: Depths:2 Depths:3
Pandemonium: Depths:2 Depths:3 Depths:4
Ziggurat: Depths:2

Annotations:
D:11 2 transporters, Cris's ghost, journeyman DsGl
Lair:2 exclusion: hydra
Lair:3 exclusion: oklob plant
Shoals:1 2 transporters, Yjinump's ghost, journeyman MfMo
Shoals:2 3 runed translucent doors, Tosoun's ghost, adept DsGl
Shoals:3 Shym's ghost, adept DsWn
Orc:1 4 transporters
Elf:2 3 runed translucent doors
Vaults:3 Mennas; Xtahua
Depths:2 1 transporter
Zot:2 1 transporter, exclusion: orb of fire
Zot:3 3 runed translucent doors, exclusion: downstairs, Fush's ghost, veteran DgGl


Innate Abilities, Weirdness & Mutations

You are agile. (Dex +4, Str/Int -1)
You are strong-willed. (Will+)
You are robust. (+10% HP)
Your muscles are strong. (Str +4, Int/Dex -1)


Message History

The arrow freezes the Orb Guardian.
The Orb Guardian is severely wounded.
You shoot an arrow. The arrow hits the Orb Guardian.
The arrow freezes the Orb Guardian.
The Orb Guardian is severely wounded.
You shoot an arrow. The arrow hits the Orb Guardian!!!
The arrow freezes the Orb Guardian!
You kill the Orb Guardian!
Okawaru accepts your kill.
Your Ranged Weapons skill increases to level 25!
No target in view!
There is an open door, spattered with blood here.
Things that are here:
a +0 ring mail; a +0 mace
There is an open door here.
There is a stone staircase leading up here.
You climb upwards.
An ice devil comes into view.
There is a stone staircase leading down here.
You shoot an arrow. The arrow hits the ice devil!!
The ice devil is severely wounded.
You shoot an arrow. The arrow hits the ice devil!
The ice devil is almost dead.
You shoot an arrow. The arrow hits the ice devil!!
You kill the ice devil!
Okawaru accepts your kill.
There is a stone staircase leading up here.
You climb upwards.
There is a stone staircase leading down here.
You see here 3 potions of degeneration.
A blizzard demon comes into view.
You shoot an arrow. The arrow hits the blizzard demon.
The blizzard demon is lightly wounded.
You shoot an arrow.
The arrow closely misses the blizzard demon.
You shoot an arrow. The arrow hits the blizzard demon!!
The blizzard demon is moderately wounded.
You shoot an arrow. The arrow hits the blizzard demon!!!
The arrow freezes the blizzard demon.
You kill the blizzard demon!
Okawaru accepts your kill.
No target in view!
A ynoxinul comes into view.
You shoot an arrow. The arrow hits the ynoxinul!
The arrow freezes the ynoxinul.
The ynoxinul is heavily wounded.
You shoot an arrow. The arrow hits the ynoxinul!!
The arrow freezes the ynoxinul.
You kill the ynoxinul!
Okawaru accepts your kill.
No target in view!
There is a stone staircase leading up here.
You climb upwards.
There is a stone staircase leading down here.
An Orb Guardian comes into view.
You shoot an arrow.
The arrow barely misses the Orb Guardian.
You shoot an arrow. The arrow hits the Orb Guardian.
The arrow freezes the Orb Guardian.
The Orb Guardian is lightly wounded.
You shoot an arrow.
The arrow closely misses the Orb Guardian.
No target in view!
No target in view!
You shoot an arrow.
The arrow barely misses the Orb Guardian.
The Orb Guardian closely misses you.
You shoot an arrow. The arrow hits the Orb Guardian!!
The arrow freezes the Orb Guardian.
The Orb Guardian is moderately wounded.
The Orb Guardian completely misses you.
You shoot an arrow. The arrow hits the Orb Guardian!
The arrow freezes the Orb Guardian.
The Orb Guardian is heavily wounded.
The Orb Guardian completely misses you.
You shoot an arrow. The arrow hits the Orb Guardian!!
The arrow freezes the Orb Guardian!
The Orb Guardian is severely wounded.
The Orb Guardian hits you!
You shoot an arrow. The arrow hits the Orb Guardian!
The arrow freezes the Orb Guardian.
The Orb Guardian is almost dead.
The Orb Guardian completely misses you.
You shoot an arrow.
The arrow closely misses the Orb Guardian.
The Orb Guardian hits you!
You shoot an arrow.
The arrow hits the Orb Guardian but does no damage.
The Orb Guardian is almost dead.
The Orb Guardian hits you!
You shoot an arrow.
The arrow closely misses the Orb Guardian.
The Orb Guardian hits you!
You shoot an arrow. The arrow hits the Orb Guardian!!!
The arrow freezes the Orb Guardian.
You kill the Orb Guardian!
Okawaru accepts your kill.
There is a staircase leading out of the dungeon here.
Enter note: gg You have escaped!

..##...##
#........##.#
#.# ..#..#.#
##.......##.#
#.# ..####.#
#...#..###.#
#.# ..# #.##
##...#..##.#
#.# ..#
##..##
#.....#..#.#
#.# #.#
#..#.#
###...##.#.#
#.# ..#
#..#.#
#...####.#
#.#
..###.#..#
#....###.#
#.#
..##..#(##
##.@..##.#
#.#
#....###.#
#...###.# #.#
#....# #.##
#...###.# #.#
#....# #..#
##...##.# #.#
#....# ##.###
##...#.# #.#
....## #...##
#.###.# #.#
..### #....#
### #.# #.#
#.# #####.###
#.# #.# #.#
#.......# #.#
#.#


There were no monsters in sight!

Vanquished Creatures
  the Royal Jelly (Arena)
  A dread lich (Depths:2)
  4 ancient liches (Zot:5)
  7 orbs of fire
  A juggernaut (Depths:4)
  Saint Roka (Orc:2)
  9 Killer Klowns
  Frederick (Vaults:2)
  3 caustic shrikes (Depths:3)
  2 curse toes
  5 golden dragons
  Nikola (Shoals:4)
  A bone dragon (Depths:4)
  2 electric golems (Zot:5)
  A Hell Sentinel (D:7)
  6 tentacled monstrosities
  The ghost of Jullin the Slayer, an adept MiBe of Trog (Shoals:2)
  A lich (Depths:4)
  Jorgrun (D:12)
  28 Orb Guardians
  2 deep elf master archers (Elf:3)
  2 sphinxes
  13 acid blobs
  An Executioner (D:6)
  2 deep elf blademasters (Elf:3)
  6 quicksilver dragons
  The ghost of jt the Warrior, an adept FoSh of Uskayaw (Shoals:3)
  Polyphemus (Shoals:4)
  A tengu reaver (Depths:3)
  5 death cobs
  6 shadow dragons
  9 nagarajas
  8 draconian monks
  5 azure jellies
  11 storm dragons
  4 rockslimes
  Aizul (Snake:1)
  3 fire giants
  3 draconian knights
  4 deep elf sorcerers
  5 vault wardens
  Louise (Shoals:4)
  An iron dragon (Depths:4)
  4 frost giants
  3 ghost moths
  3 draconian scorchers
  5 draconian stormcallers
  An orc warlord (Vaults:1)
  4 deep elf elementalists (Elf:3)
  4 draconian shifters
  5 draconian annihilators
  4 demonspawn corrupters (WizLab)
  A cacodemon (WizLab)
  18 ironbound preservers
  A reaper (D:5)
  8 quicksilver oozes
  11 stone giants
  A formless jellyfish (Vaults:1)
  22 very ugly things
  5 black draconians
  10 green draconians
  3 ironbound thunderhulks
  3 deep elf demonologists (Elf:3)
  2 lorocyprocas
  The ghost of WhatIsLove the Pandemonic, a journeyman DjIE of Makhleb (D:14)
  3 vampire knights (Depths:2)
  12 red draconians
  17 white draconians
  11 deep elf annihilators
  12 purple draconians
  A dire elephant (shapeshifter) (Elf:1)
  A minotaur (Gauntlet)
  16 spark wasps
  10 yellow draconians
  2 blizzard demons
  9 dire elephants
  11 ettins
  A merfolk javelineer (Depths:4)
  6 merfolk impalers
  9 deep elf death magi
  Josephine (D:12)
  7 deep elf high priests
  8 great orbs of eyes
  7 yaktaur captains
  An entropy weaver (Vaults:2)
  9 fire dragons
  Erolcha (Orc:2)
  5 jiangshi
  5 salamander tyrants
  7 vault guards
  3 hydras
  5 ice dragons
  A rakshasa (Depths:2)
  2 spriggan air magi
  An anaconda (shapeshifter) (D:14)
  6 merfolk aquamancers
  11 centaur warriors
  2 alligator snapping turtles (Shoals:4)
  7 catoblepae
  7 ironbound frosthearts
  2 merfolk avatars (Shoals:4)
  4 boulder beetles
  13 dancing weapons
  5 anacondas
  4 satyrs
  A two-headed ogre (D:12)
  6 deep troll earth magi
  4 deep troll shamans
  6 tengu warriors
  A hell hog (Depths:1)
  11 naga warriors
  4 vampire magi
  5 spriggan berserkers
  Urug (Orc:2)
  17 death yaks
  4 hell knights
  3 naga sharpshooters
  11 shock serpents
  17 deep elf knights
  6 sun demons
  Sonja (Orc:2)
  6 salamander mystics
  8 soul eaters
  6 skysharks
  9 iron trolls
  12 skeletal warriors
  12 sea snakes
  A sixfirhy (Depths:4)
  33 deep trolls
  A glowing orange brain (Depths:2)
  3 spriggan druids
  A deep troll (shapeshifter) (Elf:3)
  A flayed ghost (Depths:2)
  Pikel (D:4)
  5 naga ritualists
  3 lindwurms
  11 wizards
  A necromancer (D:15)
  11 ironbound convokers
  13 deep elf archers
  44 deep elf pyromancers
  11 mana vipers
  33 harpies
  An orc sorcerer (Orc:1)
  A wolf spider (shapeshifter) (D:12)
  30 ugly things
  28 deep elf zephyrmancers
  4 shining eyes (Slime:5)
  A harpy (shapeshifter) (Elf:1)
  10 orc knights
  4 fauns (Shoals:2)
  16 salamanders
  A frost giant zombie (Depths:2)
  5 cyclopes
  6 worldbinders (WizLab)
  24 moths of wrath
  5 guardian serpents
  12 merfolk sirens
  15 manticores
  A rust devil (Depths:4)
  5 smoke demons
  3 eyes of devastation
  9 water nymphs
  27 black mambas
  11 vault sentinels
  15 naga magi
  A torpor snail (shapeshifter) (Vaults:1)
  2 minotaur zombies (Gauntlet)
  An unseen horror (D:11)
  A hellion (Depths:1)
  11 cane toads
  A rime drake (shapeshifter) (D:14)
  2 kobold demonologists (D:11)
  14 komodo dragons
  7 yaktaurs
  6 rime drakes
  A freezing wraith (D:14)
  A tormentor (Depths:3)
  4 ice devils
  4 tengu conjurers
  3 trolls
  2 hellwings
  12 merfolk
  3 wind drakes
  16 blink frogs
  A polar bear (shapeshifter) (D:14)
  3 polar bears
  A spriggan zombie (Depths:2)
  4 hornets
  2 dream sheep (Shoals:3)
  78 slime creatures
  10 snapping turtles
  3 spriggans
  2 ynoxinuls
  2 air elementals (Elf:1)
  2 shadows (D:11)
  A vampire (D:11)
  Eustachio (D:6)
  28 water elementals
  5 wraiths
  6 wyverns
  9 fire elementals
  2 neqoxecs
  81 yaks
  A redback (Vaults:2)
  A redback (shapeshifter) (Depths:3)
  9 vampire mosquitoes
  5 basilisks
  11 golden eyes
  A chaos spawn (Depths:3)
  2 steam dragons
  Menkaure (D:7)
  3 large abominations (D:6)
  7 wargs
  21 nagas
  An acid dragon (D:12)
  A water moccasin (shapeshifter) (D:14)
  14 water moccasins
  A floating eye (Depths:1)
  Duvessa (D:5)
  4 hell hounds (Volcano)
  A swamp drake (D:10)
  53 orc warriors
  3 sky beasts
  A black bear (D:7)
  3 ice beasts
  A black bear (shapeshifter) (D:14)
  17 centaurs
  3 ogres
  6 wolves (Lair:1)
  A phantom (D:4)
  4 lemures (D:4)
  5 kobold brigands
  Blork the orc (D:6)
  A gnoll sergeant (D:8)
  10 bullfrogs
  2 wyvern zombies (D:7)
  A scorpion (D:4)
  An earth elemental (Elf:2)
  17 wights
  Dowan (D:5)
  9 killer bees
  3 electric eels
  3 howler monkeys
  A bullfrog zombie (D:7)
  A centaur zombie (D:7)
  A hound (D:6)
  2 jellies
  23 orc priests
  A sleepcap (D:5)
  2 iguanas
  Ijyb (D:3)
  Natasha (thrice) (D:4)
  13 orc wizards
  4 hell rats (Lair:5)
  4 killer bee zombies (D:7)
  3 howler monkey zombies (D:7)
  16 gnolls
  5 adders
  3 shadow imps (Gauntlet)
  9 white imps
  An ufetubus (D:5)
  A worm (D:2)
  A dart slug (D:1)
  124 orcs
  8 ball pythons
  9 endoplasms
  A giant cockroach (D:1)
  6 goblins
  5 hobgoblins
  15 jackals
  4 quokkas
  5 bats
  5 frilled lizards
  16 kobolds
  8 rats
  A butterfly (Lair:5)
1960 creatures vanquished.

Vanquished Creatures (others)
  A death cob (Zot:3)
  A draconian knight (Zot:5)
  A deep elf demonologist (Elf:3)
  A merfolk aquamancer (Shoals:2)
  A deep elf zephyrmancer (Elf:2)
  An orc warrior (Orc:2)
  A boggart (D:15)
  An orc priest (Orc:2)
  2 starspawn tentacles (WizLab)
10 creatures vanquished.

Grand Total: 1970 creatures vanquished

Notes
Turn   | Place    | Note
-------+----------+-------------------------------------------
     0 | D:5      | Flugkiller the Deep Elf Delver began the quest for the Orb.
     0 | D:5      | Reached XP level 1. HP: 13/13 MP: 3/3
    88 | D:5      | Reached XP level 2. HP: 18/18 MP: 4/4
   108 | D:5      | Noticed Dowan
   108 | D:5      | Noticed a scorpion
   110 | D:5      | Noticed Duvessa
   141 | D:5      | Found a bloodstained altar of Trog.
   157 | D:5      | Noticed an ice beast
   538 | D:1      | Reached XP level 3. HP: 18/22 MP: 5/5
  1723 | D:2      | Reached skill level 1 in Spellcasting
  1723 | D:2      | Reached XP level 4. HP: 27/27 MP: 7/7
  2309 | D:3      | Noticed Ijyb
  2313 | D:3      | Killed Ijyb
  2314 | D:3      | Reached skill level 1 in Evocations
  2709 | D:4      | Reached XP level 5. HP: 23/31 MP: 6/8
  2750 | D:5      | Killed an ice beast
  2855 | D:5      | Found a staircase to the Ecumenical Temple.
  2864 | Temple   | Entered the Ecumenical Temple
  2879 | Temple   | Became a worshipper of Warmaster Okawaru
  3118 | D:4      | Noticed Natasha
  3316 | D:4      | Killed Natasha
  3317 | D:4      | Reached XP level 6. HP: 31/36 MP: 7/9
  3553 | D:4      | Noticed Natasha
  3568 | D:4      | Killed Natasha
  3575 | D:4      | Noticed Natasha
  3589 | D:4      | Killed Natasha
  3661 | D:4      | Reached skill level 5 in Dodging
  3767 | D:4      | Noticed Pikel
  4108 | D:4      | Killed Pikel
  4108 | D:4      | Reached * piety under Okawaru
  4109 | D:4      | Reached XP level 7. HP: 26/43 MP: 6/11
  4377 | D:5      | Reached ** piety under Okawaru
  4378 | D:5      | Reached XP level 8. HP: 48/48 MP: 12/12
  4545 | D:5      | Reached skill level 5 in Fighting
  4807 | D:5      | Killed Duvessa
  4812 | D:5      | Killed Dowan
  4813 | D:5      | Reached skill level 5 in Short Blades
  5331 | D:6      | Noticed Blork the orc
  5347 | D:6      | Killed Blork the orc
  5348 | D:6      | Reached skill level 1 in Armour
  5592 | D:6      | Found Paeptew's Distillery.
  5675 | D:6      | Noticed Eustachio
  5732 | D:6      | Killed Eustachio
  5918 | D:6      | Reached XP level 9. HP: 54/54 MP: 13/13
  6531 | D:7      | Reached *** piety under Okawaru
  6886 | D:7      | Reached skill level 5 in Evocations
  7731 | D:7      | Noticed Menkaure
  7735 | D:7      | Killed Menkaure
  7751 | D:7      | Reached **** piety under Okawaru
  7930 | D:7      | Reached XP level 10. HP: 37/61 MP: 5/14
  9253 | D:9      | Got an uncut book
  9686 | D:9      | Found the +7 staff of the Meek {protect, meekguard}
  9929 | D:9      | Reached ***** piety under Okawaru
 10130 | D:10     | Entered Level 10 of the Dungeon
 10248 | D:10     | Found a flagged portal.
 10526 | Bailey   | Entered a bailey
 10760 | Bailey   | Noticed an orc knight
 10763 | Bailey   | Killed an orc knight
 10806 | Bailey   | Reached XP level 11. HP: 63/63 MP: 14/18
 11024 | D:6      | Bought a potion of mutation for 104 gold pieces
 11024 | D:6      | Bought a potion of brilliance for 52 gold pieces
 11109 | D:10     | Found a staircase to the Orcish Mines.
 11265 | D:10     | Reached XP level 12. HP: 63/72 MP: 15/19
 11491 | D:10     | Received a gift from Okawaru
 11826 | D:10     | Found the +9 staff of Olgreb {rPois∞}
 11902 | D:10     | Found a staircase to the Lair.
 12353 | D:11     | Found a transporter.
 12357 | D:11     | Noticed Cris's ghost (journeyman DsGl)
 12432 | D:11     | Reached skill level 10 in Dodging
 12709 | D:11     | Found a transporter.
 13237 | D:11     | Received a gift from Okawaru
 13260 | D:11     | Reached skill level 1 in Throwing
 14347 | Lair:1   | Entered Level 1 of the Lair of Beasts
 14374 | Lair:1   | Received a gift from Okawaru
 14681 | Lair:1   | Noticed a boulder beetle
 14705 | Lair:1   | Reached skill level 5 in Throwing
 14705 | Lair:1   | Killed a boulder beetle
 14835 | Lair:1   | Reached XP level 13. HP: 78/78 MP: 21/21
 14838 | Lair:1   | Reached skill level 10 in Stealth
 14948 | Lair:1   | Reached ****** piety under Okawaru
 15011 | Lair:1   | Acquired the +0 pair of gloves of Anaesthesia {Will+ Regen+
                  | Str-3 SInv}
 15011 | Lair:1   | Received a gift from Okawaru
 15018 | Lair:1   | Acquired a +0 longbow of draining
 15018 | Lair:1   | Received a gift from Okawaru
 15156 | Lair:1   | Reached skill level 1 in Ranged Weapons
 15514 | Lair:1   | Reached skill level 2 in Ranged Weapons
 15536 | Lair:2   | Reached skill level 3 in Ranged Weapons
 15536 | Lair:2   | Received a gift from Okawaru
 15565 | Lair:2   | Reached skill level 4 in Ranged Weapons
 15642 | Lair:2   | You fall into a shaft and drop 1 floor!
 15868 | Lair:2   | Reached skill level 5 in Ranged Weapons
 15875 | Lair:2   | Found a dark tunnel.
 15895 | Volcano  | Entered a volcano
 15998 | Volcano  | Reached skill level 6 in Ranged Weapons
 15998 | Volcano  | Reached skill level 10 in Evocations
 16096 | Volcano  | Reached skill level 7 in Ranged Weapons
 16246 | Volcano  | Identified the +2 pair of gloves of Dramatic Exits {Int+4}
 16251 | Volcano  | Identified the +0 helmet of Crawling {rElec rF+ Int+4}
 16426 | Lair:2   | Reached skill level 8 in Ranged Weapons
 16426 | Lair:2   | Received a gift from Okawaru
 16646 | Lair:2   | Found a staircase to the Snake Pit.
 16664 | Lair:2   | Reached skill level 9 in Ranged Weapons
 17213 | Lair:3   | Reached skill level 10 in Ranged Weapons
 17797 | Lair:4   | Reached skill level 11 in Ranged Weapons
 18134 | Lair:4   | Learned a level 3 spell: Swiftness
 18245 | Lair:4   | Received a gift from Okawaru
 18325 | Lair:4   | Reached skill level 1 in Air Magic
 18691 | Lair:4   | Reached skill level 12 in Ranged Weapons
 18691 | Lair:4   | Reached XP level 14. HP: 84/84 MP: 19/22
 19092 | Lair:5   | Entered Level 5 of the Lair of Beasts
 19490 | Lair:5   | Reached skill level 13 in Ranged Weapons
 19936 | Lair:5   | Received a gift from Okawaru
 19974 | Lair:5   | Reached skill level 5 in Air Magic
 20065 | Lair:5   | Found a runed translucent door.
 20065 | Lair:5   | Found a viscous altar of Jiyva.
 20065 | Lair:5   | Noticed an azure jelly
 20065 | Lair:5   | Noticed an azure jelly
 20065 | Lair:5   | Noticed an azure jelly
 20102 | Lair:5   | Found a staircase to the Slime Pits.
 20197 | Lair:5   | Reached skill level 14 in Ranged Weapons
 21153 | Lair:5   | Received a gift from Okawaru
 22065 | Orc:1    | Entered Level 1 of the Orcish Mines
 22210 | Orc:1    | Found a transporter.
 22370 | Orc:1    | Found a transporter.
 22370 | Orc:1    | Found an ornate altar of the Wu Jian Council.
 22370 | Orc:1    | Noticed an orc warlord
 22396 | Orc:1    | Found a transporter.
 22400 | Orc:1    | Found an ornate altar of the Wu Jian Council.
 22402 | Orc:1    | Found a transporter.
 22613 | Orc:2    | Entered Level 2 of the Orcish Mines
 22613 | Orc:2    | Noticed Erolcha
 22620 | Orc:2    | Killed Erolcha
 22661 | Orc:2    | Received a gift from Okawaru
 22774 | Orc:2    | Noticed Urug
 22785 | Orc:2    | Killed Urug
 23176 | Orc:2    | Found Acsamad's Antique Armour Shoppe.
 23198 | Orc:2    | Reached XP level 15. HP: 92/92 MP: 20/23
 23198 | Orc:2    | Noticed Sonja
 23206 | Orc:2    | Killed Sonja
 23207 | Orc:2    | Reached skill level 10 in Fighting
 23335 | Orc:2    | Found a staircase to the Elven Halls.
 23383 | Orc:2    | Noticed Saint Roka
 23662 | Orc:2    | Killed Saint Roka
 23934 | Orc:2    | Received a gift from Okawaru
 24038 | Orc:2    | Found Zangel's Magic Scroll Shop.
 24092 | Orc:2    | Found Hufiuw's Weapon Emporium.
 24198 | Orc:2    | Found Iloqefiv's Distillery.
 24198 | Orc:2    | Found Daba Ona's Antique Armour Shop.
 24411 | Orc:2    | Bought a potion of haste for 130 gold pieces
 24411 | Orc:2    | Bought a potion of cancellation for 104 gold pieces
 24721 | D:12     | Noticed Jorgrun
 24751 | D:12     | Killed Jorgrun
 24809 | D:12     | Found a gate leading to a gauntlet.
 24818 | Gauntlet | Entered a Gauntlet
 24818 | Gauntlet | Found a transporter.
 24818 | Gauntlet | Found a transporter.
 24818 | Gauntlet | Found a transporter.
 24846 | Gauntlet | Found a transporter.
 24849 | Gauntlet | Found a transporter.
 24863 | Gauntlet | Found a transporter.
 24863 | Gauntlet | Found a transporter.
 24875 | Gauntlet | Found a transporter.
 24964 | Gauntlet | Found a transporter.
 24974 | Gauntlet | Found a transporter.
 24978 | Gauntlet | Found a transporter.
 24990 | Gauntlet | Found a transporter.
 25150 | Gauntlet | Identified the +0 pair of gloves "Batal" {rElec rC- Int+8
                  | Dex-2}
 25189 | Gauntlet | Identified the amulet "Foan" {Spirit rF- rCorr Int+5}
 25224 | Gauntlet | Found the +8 arc blade {discharge, rElec}
 25587 | D:12     | Found an iron altar of Okawaru.
 25605 | D:12     | Identified the staff "Beastbane" {+Blink Fly rPois Str-3
                  | Int+5 Poison}
 25620 | D:12     | Learned a level 5 spell: Irradiate
 25716 | D:12     | Noticed Josephine
 25718 | D:12     | Killed Josephine
 25749 | D:12     | Reached skill level 1 in Conjurations
 25749 | D:12     | Reached skill level 1 in Transmutations
 26503 | D:13     | Received a gift from Okawaru
 26899 | D:13     | Found Conwod's Antique Armour Shoppe.
 26908 | D:13     | Bought a pair of embroidered boots for 157 gold pieces
 27049 | D:13     | Found a glowing silver altar of Zin.
 27216 | D:14     | Found a gate to the Vaults.
 27312 | D:14     | Found a runed translucent gate.
 27312 | D:14     | Found a runed translucent gate.
 27313 | D:14     | Found a runed translucent gate.
 27315 | D:14     | Noticed WhatIsLove's ghost (journeyman DjIE)
 27315 | D:14     | Noticed an acid blob
 27373 | D:14     | Received a gift from Okawaru
 27382 | D:14     | Reached skill level 5 in Spellcasting
 27792 | D:14     | Found a viscous altar of Jiyva.
 27833 | D:14     | Killed an acid blob
 27869 | D:14     | Killed WhatIsLove's ghost
 27870 | D:14     | Reached XP level 16. HP: 89/100 MP: 11/26
 28045 | D:15     | Entered Level 15 of the Dungeon
 28365 | D:15     | Received a gift from Okawaru
 28545 | D:15     | Reached skill level 15 in Dodging
 28580 | D:15     | Found a staircase to the Depths.
 28598 | D:15     | Reached skill level 5 in Conjurations
 28598 | D:15     | Reached skill level 5 in Transmutations
 29347 | Snake:1  | Entered Level 1 of the Snake Pit
 29879 | Snake:1  | Received a gift from Okawaru
 30504 | Snake:1  | Noticed Aizul
 31009 | Snake:1  | Killed Aizul
 31299 | Snake:2  | Received a gift from Okawaru
 31788 | Snake:2  | Found Ruil's Firing Range.
 32313 | Snake:3  | Received a gift from Okawaru
 32381 | Snake:3  | Identified the +1 robe of the Ancient Invaders {Int+2}
 33026 | Snake:3  | Reached XP level 17. HP: 100/104 MP: 29/29
 33462 | Snake:4  | Entered Level 4 of the Snake Pit
 33682 | Snake:4  | Received a gift from Okawaru
 33796 | Snake:2  | Bought 2 atropa-tipped darts for 21 gold pieces
 33897 | Snake:4  | Reached skill level 10 in Conjurations
 34237 | Snake:4  | Found Nutruyt's General Store.
 34246 | Snake:4  | Bought the +9 orcbow of Lust {flame, rC+ rN+ Str+2} for 884
                  | gold pieces
 34667 | Snake:4  | Noticed a quicksilver dragon
 34675 | Snake:4  | Killed a quicksilver dragon
 35109 | Snake:4  | Got a serpentine rune of Zot
 35284 | Shoals:1 | Entered Level 1 of the Shoals
 35294 | Shoals:1 | Found a transporter.
 35297 | Shoals:1 | Found a transporter.
 35298 | Shoals:1 | Noticed Yjinump's ghost (journeyman MfMo)
 35356 | Shoals:1 | Received a gift from Okawaru
 35817 | Shoals:2 | Reached skill level 15 in Ranged Weapons
 35972 | Shoals:2 | Identified the +6 leather armour of Impatience {Contam
                  | Dex+4 SInv}
 36307 | Shoals:2 | Found a runed translucent gate.
 36495 | Shoals:2 | Found a runed translucent gate.
 36495 | Shoals:2 | Found a runed translucent gate.
 36495 | Shoals:2 | Noticed Tosoun's ghost (adept DsGl)
 37078 | Shoals:3 | Found a runed translucent gate.
 37078 | Shoals:3 | Found a runed translucent gate.
 37078 | Shoals:3 | Found a runed translucent gate.
 37079 | Shoals:3 | Noticed Shym's ghost (adept DsWn)
 37079 | Shoals:3 | Noticed Jullin's ghost (adept MiBe)
 37079 | Shoals:3 | Noticed jt's ghost (adept FoSh)
 37118 | Shoals:4 | Entered Level 4 of the Shoals
 37119 | Shoals:4 | Noticed Polyphemus
 37154 | Shoals:4 | Killed Polyphemus
 37209 | Shoals:4 | Received a gift from Okawaru
 37304 | Shoals:4 | Identified the +3 leather armour "Radeho Kuess" {Int+4
                  | Dex+3}
 37366 | Shoals:4 | Got a disorganized book
 37461 | Shoals:4 | Reached XP level 18. HP: 112/112 MP: 30/30
 37536 | Shoals:4 | Reached skill level 16 in Ranged Weapons
 37831 | Shoals:4 | Noticed Nikola
 37844 | Shoals:4 | Killed Nikola
 38371 | Shoals:4 | Got a barnacled rune of Zot
 38389 | Shoals:4 | Received a gift from Okawaru
 38659 | Shoals:4 | Noticed Louise
 38672 | Shoals:4 | Killed Louise
 39033 | Elf:1    | Entered Level 1 of the Elven Halls
 39391 | Elf:1    | Paralysed by an air elemental for 1 turns
 39559 | Elf:1    | Received a gift from Okawaru
 39719 | Elf:1    | Found Waur's Book Shoppe.
 39776 | Elf:1    | Bought a book of Blood for 392 gold pieces
 39779 | Elf:1    | Learned a level 2 spell: Wereblood
 40420 | Elf:2    | Received a gift from Okawaru
 40612 | Elf:2    | Found Xenokym's Weapon Shop.
 40632 | Elf:2    | Reached skill level 15 in Fighting
 40666 | Elf:2    | Reached XP level 19. HP: 124/124 MP: 31/31
 40784 | Elf:2    | Found a runed translucent gate.
 40788 | Elf:2    | Found a runed translucent gate.
 40788 | Elf:2    | Found a runed translucent gate.
 41108 | Elf:3    | Entered Level 3 of the Elven Halls
 41632 | Elf:3    | Identified the staff "Xiadifac" {rF+ rC+ Str+5 Stlth- Ice}
 41737 | Elf:3    | Received a gift from Okawaru
 41801 | Elf:3    | Identified the ring "Ulaun Fogisch" {Str+4 Int+3 SInv}
 41840 | Elf:3    | Identified the +6 spear of the Bedazzling Spider {spect,
                  | rN+ Will+}
 41840 | Elf:3    | Identified the ring of Opniuc {Fly rPois Will++ Str-2 SInv}
 41842 | Elf:3    | Noticed a Brimstone Fiend
 41887 | Elf:3    | Identified the +7 chain mail of Iloteep {Will+}
 42501 | Elf:3    | Identified the +1 chain mail of Noughts and Crosses {Harm
                  | Will+}
 42628 | Elf:3    | Identified the ring of Lisam {Fire Will+}
 42886 | Elf:3    | Reached skill level 10 in Spellcasting
 42973 | Elf:3    | Received a gift from Okawaru
 43037 | Elf:3    | Identified a scroll of acquirement
 43043 | Elf:3    | Acquired the +5 pair of boots of the Buccaneer {rElec
                  | Regen+}
 43057 | Elf:3    | Identified the +2 shortbow "Niptujy" {freeze, Drain rCorr
                  | Int-3 Stlth+}
 43718 | Shoals:2 | Killed Jullin's ghost
 43931 | Shoals:3 | Killed jt's ghost
 43998 | Shoals:3 | Identified the +0 hat "Coinydd" {rC- Dex+5}
 44187 | Snake:4  | Bought a potion of heal wounds for 60 gold pieces
 44188 | Snake:4  | Bought a +6 ring of dexterity for 432 gold pieces
 44870 | Vaults:1 | Entered Level 1 of the Vaults
 45372 | Vaults:1 | Received a gift from Okawaru
 45449 | Vaults:1 | Reached skill level 17 in Ranged Weapons
 45979 | Vaults:1 | Found a transporter.
 46028 | Vaults:1 | Found a transporter.
 46453 | Vaults:1 | Reached XP level 20. HP: 131/131 MP: 39/39
 46647 | Vaults:1 | Reached skill level 18 in Ranged Weapons
 46669 | Vaults:1 | Identified the ring "Bafal" {rF- Will- Str+9 Dex+6}
 46706 | Vaults:1 | Identified the staff "Tametasa" {Contam rN+ Str+2 Int+6
                  | Necro}
 46899 | Vaults:2 | Noticed Frederick
 47067 | Vaults:2 | Received a gift from Okawaru
 47101 | Vaults:2 | Killed Frederick
 47247 | Vaults:2 | Reached skill level 19 in Ranged Weapons
 47499 | Vaults:2 | Found Xanaami's Assorted Antiques.
 47857 | Vaults:2 | Reached skill level 20 in Ranged Weapons
 48098 | Vaults:2 | Received a gift from Okawaru
 48425 | Vaults:2 | Identified the +2 ring mail of the Eternal Void {rN+ Will+}
 48734 | Vaults:3 | Identified the +0 storm dragon scales of the Everdark
                  | {rElec rPois MP-9 Str+3 Slay+2 SInv}
 49051 | Vaults:3 | Reached skill level 10 in Invocations
 49065 | Vaults:3 | Received a gift from Okawaru
 49141 | Vaults:3 | Noticed Mennas
 49146 | Arena    | Entered the Arena
 49444 | Vaults:3 | Noticed Xtahua
 49606 | Depths:1 | Entered Level 1 of the Depths
 49731 | Depths:1 | Reached skill level 15 in Spellcasting
 49731 | Depths:1 | Reached XP level 21. HP: 137/137 MP: 40/42
 49732 | Depths:1 | Reached XP level 22. HP: 143/143 MP: 40/43
 50011 | Depths:1 | Found a gateway to Hell.
 50135 | Depths:1 | Learned a level 5 spell: Borgnjor's Vile Clutch
 50400 | Depths:1 | Reached XP level 23. HP: 131/148 MP: 37/44
 50433 | Depths:1 | Found a glowing golden altar of the Shining One.
 50697 | Depths:2 | Found a corrupted altar of Lugonu.
 50698 | Depths:2 | Found a one-way gate to the infinite horrors of the Abyss.
 50730 | Depths:2 | Received a gift from Okawaru
 50902 | Depths:2 | Found a stormy altar of Qazlal.
 50904 | Depths:2 | Found a one-way gateway to a ziggurat.
 50916 | Depths:2 | Found a magical portal.
 50931 | WizLab   | Entered Alistair's Party Mansion
 51322 | WizLab   | Acquired the +4 pair of boots of Devotion {rF+ rN+ Regen+}
 51486 | WizLab   | Got a sooty book
 51942 | Depths:2 | Received a gift from Okawaru
 52125 | Depths:2 | Found a transporter.
 52264 | Depths:2 | Noticed a dread lich
 52273 | Depths:2 | Killed a dread lich
 52318 | Depths:2 | Gained mutation: You are agile. (Dex +4, Str/Int -1) [a
                  | neqoxec]
 52376 | Depths:2 | Found a one-way gate leading to the halls of Pandemonium.
 52894 | Depths:3 | Received a gift from Okawaru
 53338 | Depths:3 | Noticed a caustic shrike
 53338 | Depths:3 | Noticed a caustic shrike
 53352 | Depths:3 | Killed a caustic shrike
 53352 | Depths:3 | Noticed a caustic shrike
 53358 | Depths:3 | Killed a caustic shrike
 53372 | Depths:3 | Killed a caustic shrike
 53673 | Depths:4 | Entered Level 4 of the Depths
 53775 | Depths:4 | Found a gate to the Realm of Zot.
 53790 | Depths:4 | Reached XP level 24. HP: 161/161 MP: 44/44
 53828 | Depths:4 | Received a gift from Okawaru
 53963 | Depths:4 | Reached skill level 1 in Necromancy
 53963 | Depths:4 | Reached skill level 1 in Earth Magic
 54000 | Depths:4 | Noticed a juggernaut
 54031 | Depths:4 | Killed a juggernaut
 54049 | Depths:4 | Received a gift from Okawaru
 54080 | Depths:4 | Reached skill level 5 in Necromancy
 54097 | Depths:4 | Reached skill level 5 in Earth Magic
 54370 | Depths:4 | Identified the +1 arbalest of the Sybil {flame, Int+5}
 54502 | Depths:4 | Found an ornate altar of the Wu Jian Council.
 54589 | Depths:4 | Found Voqiymen's Book Boutique.
 55255 | Slime:1  | Entered Level 1 of the Pits of Slime
 55264 | Slime:1  | Received a gift from Okawaru
 55433 | Slime:5  | Entered Level 5 of the Pits of Slime
 55517 | Slime:5  | Noticed the Royal Jelly
 55545 | Arena    | Entered the Arena
 55556 | Arena    | Killed the Royal Jelly
 55578 | Slime:5  | Received a gift from Okawaru
 55727 | Slime:5  | Reached skill level 10 in Necromancy
 55736 | Slime:5  | Identified the staff "Fatiewn" {Fly rPois rN+ Str+4 Dex-2
                  | Necro}
 55757 | Slime:5  | Identified the +6 war axe of Fanloutt {elec, rPois Int+7
                  | Dex+6}
 55772 | Slime:5  | Identified the +0 chain mail "Lam Muotosh" {rPois rCorr
                  | Int+5}
 55807 | Slime:5  | Got a slimy rune of Zot
 55815 | Slime:5  | Identified the +7 long sword of Lagur {freeze, Int+4}
 56266 | Slime:3  | Reached skill level 10 in Earth Magic
 56682 | Zot:1    | Entered Level 1 of the Realm of Zot
 57125 | Zot:1    | Identified the +4 scale mail of Hiliaw {rCorr MP+9 Int+2}
 57364 | Zot:1    | Noticed an orb of fire
 57368 | Zot:1    | Gained mutation: Armour fits poorly on your strangely
                  | shaped body. [an orb of fire]
 57369 | Arena    | Entered the Arena
 57386 | Zot:1    | Gained mutation: You occasionally lose the ability to read
                  | scrolls when taking damage. [an orb of fire]
 57386 | Zot:1    | Gained mutation: You are somewhat resistant to further
                  | mutation. [an orb of fire]
 57393 | Zot:1    | Killed an orb of fire
 57394 | Zot:1    | Reached XP level 25. HP: 145/169 MP: 21/44
 57489 | Zot:1    | You fall into a shaft and drop 1 floor!
 57541 | Zot:2    | Found a transporter.
 57603 | Zot:2    | Identified the +11 shortbow of Piynigu {antimagic, Int+5}
 58346 | Zot:2    | Noticed an orb of fire
 58445 | Zot:1    | Noticed an orb of fire
 58601 | Zot:1    | Noticed an orb of fire
 58627 | Zot:1    | Killed an orb of fire
 58650 | Arena    | Entered the Arena
 58675 | Zot:1    | Killed an orb of fire
 58773 | Zot:1    | Lost mutation: You occasionally lose the ability to read
                  | scrolls when taking damage. [potion of mutation]
 58773 | Zot:1    | Lost mutation: Armour fits poorly on your strangely shaped
                  | body. [potion of mutation]
 58773 | Zot:1    | Gained mutation: You are robust. (+10% HP) [potion of
                  | mutation]
 59830 | Zot:3    | Identified the +4 shortbow "Rirrah" {freeze, Str+2 Int+3
                  | Dex-4}
 60151 | Zot:3    | Noticed a Killer Klown
 60213 | Zot:3    | Killed a Killer Klown
 60511 | Zot:3    | Found a runed translucent gate.
 60511 | Zot:3    | Found a runed translucent gate.
 60511 | Zot:3    | Found a runed translucent gate.
 60513 | Zot:3    | Found an ancient bone altar of Kikubaaqudgha.
 60514 | Zot:3    | Noticed a dread lich
 60514 | Zot:3    | Noticed a dread lich
 60515 | Zot:3    | Noticed Fush's ghost (veteran DgGl)
 60638 | Zot:3    | Noticed a dread lich
 60638 | Zot:3    | Noticed an ancient lich
 60718 | Zot:4    | Noticed a shard shrike
 60956 | Zot:5    | Entered Level 5 of the Realm of Zot
 61127 | Zot:5    | Noticed a Killer Klown
 61136 | Zot:5    | Killed a Killer Klown
 61476 | Zot:5    | Received a gift from Okawaru
 61579 | Zot:5    | Learned a level 2 spell: Blink
 61623 | Zot:5    | Noticed an ancient lich
 61632 | Zot:5    | Noticed a Killer Klown
 61639 | Zot:5    | Noticed an orb of fire
 61641 | Zot:5    | Killed a Killer Klown
 61653 | Zot:5    | Killed an orb of fire
 61658 | Zot:5    | Noticed an orb of fire
 61659 | Zot:5    | Noticed an orb of fire
 61667 | Zot:5    | Killed an ancient lich
 61671 | Arena    | Entered the Arena
 61675 | Arena    | Killed an orb of fire
 61676 | Arena    | Reached skill level 21 in Ranged Weapons
 61690 | Zot:5    | Noticed a Killer Klown
 61691 | Zot:5    | Gained mutation: You are weak. (Str -2) [an orb of fire]
 61693 | Arena    | Entered the Arena
 61702 | Arena    | Killed a Killer Klown
 61715 | Zot:5    | Reached XP level 26. HP: 162/196 MP: 34/44
 61715 | Zot:5    | Killed an orb of fire
 61834 | Zot:5    | Reached skill level 22 in Ranged Weapons
 61861 | Zot:5    | Noticed an orb of fire
 61865 | Zot:5    | Gained mutation: You are occasionally teleported next to
                  | monsters. [an orb of fire]
 61882 | Zot:5    | Killed an orb of fire
 61913 | Zot:5    | Noticed an ancient lich
 61922 | Zot:5    | Killed an ancient lich
 61923 | Zot:5    | Reached skill level 23 in Ranged Weapons
 62002 | Zot:5    | Noticed an ancient lich
 62004 | Zot:5    | Received a gift from Okawaru
 62012 | Zot:5    | Killed an ancient lich
 62033 | Zot:5    | Reached skill level 24 in Ranged Weapons
 62043 | Zot:5    | Noticed an ancient lich
 62062 | Zot:5    | Killed an ancient lich
 62879 | Zot:5    | Lost mutation: You are occasionally teleported next to
                  | monsters. [potion of mutation]
 62879 | Zot:5    | Lost mutation: You are weak. (Str -2) [potion of mutation]
 62879 | Zot:5    | Lost mutation: You are somewhat resistant to further
                  | mutation. [potion of mutation]
 62879 | Zot:5    | Gained mutation: Your muscles are strong. (Str +4, Int/Dex
                  | -1) [potion of mutation]
 62879 | Zot:5    | Gained mutation: You are strong-willed. (Will+) [potion of
                  | mutation]
 62886 | Zot:5    | Got the Orb of Zot
 62955 | Zot:3    | Noticed Ceuwuik the pandemonium lord
 63126 | D:13     | Noticed Rococikunu the pandemonium lord
 63371 | D:4      | Reached skill level 25 in Ranged Weapons
 63493 | D:1      | gg
 63494 | D:$      | Escaped with the Orb!

Illustrated notes

..##...##
#........##.#
#.# ..#..#.#
##.......##.#
#.# ..####.#
#...#..###.#
#.# ..# #.##
##...#..##.#
#.# ..#
##..##
#.....#..#.#
#.# #.#
#..#.#
###...##.#.#
#.# ..#
#..#.#
#...####.#
#.#
..###.#..#
#....###.#
#.#
..##..#(##
##.@..##.#
#.#
#....###.#
#...###.# #.#
#....# #.##
#...###.# #.#
#....# #..#
##...##.# #.#
#....# ##.###
##...#.# #.#
....## #...##
#.###.# #.#
..### #....#
### #.# #.#
#.# #####.###
#.# #.# #.#
#.......# #.#
#.#


Turn 63493 on D:1: gg

Levels and vault maps discovered:
D:1:      dpeg_arrival_arbitrary_a, layout_basic, minivault_14
D:2:      layout_basic, serial_curves, eino_curves_03, eino_curves_02,
          eino_curves_03, st_stairs_1, minmay_misc_feat_roman
D:3:      layout_basic, uniq_ijyb
D:4:      layout_basic, uniq_pikel, uniq_natasha
D:5:      layout_loops_ring, mainiacjoe_overflow_surrounded_room,
          lemuel_temple_firewalk_b, uniq_duvessa
D:6:      layout_loops_corners, serial_shops, shop, uniq_eustachio,
          uniq_blork_the_orc
D:7:      layout_rooms, serial_undead, serial_undead_f, serial_undead_b,
          serial_undead_a, serial_undead_b, uniq_menkaure
D:8:      layout_basic, feat_on_display
D:9:      layout_basic, hangedman_decor_opposing, minmay_variable_closet,
          minmay_gold_behind_fungi
D:10:     layout_roguey, erik_lair_dragon, orc_0_dummy, enter_bailey_6,
          hangedman_decor_diamond_cutter
D:11:     layout_roguey [special_room_orc], special_room [special_room_orc],
          gammafunk_ghost_stat_death, kennysheep_generic_room_13
D:12:     layout_gridville, gauntlet_entry_generic, okawaru_metal_pillars_3,
          uniq_jorgrun, uniq_josephine
D:13:     layout_loops_cross, serial_shops, nicolae_shop_getting_attention,
          zin_angel
D:14:     layout_rooms, david_vaults_2, gammafunk_ghost_ooze,
          nicolae_elevator_lobby_asterisk, minmay_misc_feat_four_crosses
D:15:     hangedman_depths_entry_civil_slaughter, layout_stronghold,
          minmay_diced_spiral
Temple:   regret_index_temple_sigil_plot
Lair:1:   layout_regular_city, infiniplex_staircase_pool, grunt_megastairs_2,
          lemuel_fruit_tree
Lair:2:   layout_hall_layers, nicolae_shoals_entry_flooding,
          alex1729_snake_entry_snake, portal_ice_cave_rime,
          nicolae_volcano_entry_lava_flow
Lair:3:   wander_river, layout_chaotic_city, infiniplex_staircase_pool_2
Lair:4:   layout_regular_city
Lair:5:   evilmike_catoblepas_cave, layout_regular_city, slime_entry_2,
          lemuel_fruit_fields
Shoals:1: layout_shoals, ebering_ghost_davey_jones
Shoals:2: layout_shoals, ebering_ghost_rock_garden, nicolae_splish_splash
Shoals:3: layout_shoals, gammafunk_ghost_cemetery
Shoals:4: shoals_end_simple, layout_shoals, uniq_polyphemus, uniq_louise,
          uniq_nikola
Snake:1:  layout_onion, special_room, grunt_megastairs_1, uniq_aizul
Snake:2:  layout_cave_town, st_stairs_12, nicolae_shop_firing_range
Snake:3:  layout_misc_corridors
Snake:4:  hellmonk_snake_rune_quicksilver_temple, layout_cave_town,
          serial_shops, shop, st_stairs_12
Slime:1:  layout_caves
Slime:2:  layout_caves
Slime:3:  layout_caves
Slime:4:  layout_caves
Slime:5:  slime_pit
Orc:1:    dreamdust_wu_jian_sword_trials, layout_caves, basic_altar
Orc:2:    st_orc_town, layout_diamond_mine, serial_shops, shop,
          elves_outpost_lemuel, uniq_urug, uniq_saint_roka, uniq_erolcha,
          uniq_sonja
Elf:1:    layout_gridlike, serial_shops, nicolae_book_shop_shelving,
          minmay_elf_crystal_hexagon, grunt_ministairs_14,
          nicolae_elf_big_sculpture_3, grunt_megastairs_3
Elf:2:    nicolae_elf_blades_crystal_corner, layout_gridlike, drop_trap,
          minmay_shop_star
Elf:3:    grunt_elf_hall_branching, layout_geoelf_diagonals, minivault_5
Vaults:1: gammafunk_the_bubble [the_bubble_gammafunk_grid],
          nicolae_vaults_cornered_office, nicolae_vaults_little_squares_4,
          nicolae_vaults_little_squares_5, vaults_mumra_minichess_inversion,
          ontoclasm_vaults_misaligned, v_misc_24, nicolae_vaults_triangles,
          nicolae_vaults_tetromino_L_1, vaults_room_stairs_pillars,
          vaults_room_stairs_pillars, layout_vaults_omnigrid
Vaults:2: v_pattern_4, grunt_vaults_twisty, nicolae_vaults_mini_display_case,
          hangedman_vaults_slice, nicolae_vaults_meeting,
          nicolae_vaults_little_squares_6, vaults_room_grunt_arrival_ludios,
          hangedman_vaults_variations, nicolae_vaults_trapezoid_lopsided_3,
          nicolae_vaults_trapezoid_2, ontoclasm_vaults_ring_square,
          nicolae_vaults_shelves_hall, layout_vaults_omnicross, serial_shops,
          shop, uniq_frederick
Vaults:3: v_rooms_2, vaults_room_pools, nicolae_vaults_tangram_1,
          nicolae_vaults_bisected_exclaves, ontoclasm_vaults_ligature,
          minmay_crypt_entry_simple_sparse, ontoclasm_vaults_decontamination,
          vaults_room_grid, nicolae_vaults_diagonal_hallway_7,
          nicolae_vaults_little_squares_3, vaults_room_hallway,
          nicolae_vaults_diamond_2, ontoclasm_vaults_misaligned,
          nicolae_vaults_apartment_2, vaults_mumra_hexcomb,
          layout_vaults_chaotic_city, uniq_xtahua, uniq_margery, uniq_mennas
Depths:1: layout_twisted_cross, minivault_14, hellmouth_3,
          nicolae_tso_carved_into_rock
Depths:2: emtedronai_trogs_sanctum, layout_basic, enter_ziggurat_d,
          rand_demon_pan_entry_4, hell_entry, abyss_entry_flame_altar,
          mu_enter_wizlab_3, special_room [special_room_morgue],
          nicolae_qazlal_scattered_showers, serial_bayou_shore_a,
          serial_bayou_shore_b, infiniplex_staircase_trident
Depths:3: tekkud_shrikecote, layout_basic, serial_bayou_pond_b, hell_entry,
          rand_demon_pan_entry_3, abyss_entry_glasseish
Depths:4: grunt_zot_entry_tricorne, layout_cave_pools,
          grunt_pan_entry_in_and_out, nicolae_wu_jian_wuxing_cycle,
          serial_shops, shop, hell_entry, minmay_misc_feat_ornament,
          serial_sigils_hangedman_quiver
Zot:1:    layout_basic
Zot:2:    layout_basic, nicolae_diode_basic, grunt_megastairs_5
Zot:3:    layout_gridlike, gammafunk_ghost_crypt
Zot:4:    layout_twisted_circle, gammafunk_ghost_cemetery,
          st_single_dragon_hoard_2, hangedman_elemental_grid_stream
Zot:5:    layout_cathedral_of_symmetry

Skill      XL: |  1  2  3  4  5  6  7  8  9 10 11 12 13 14 15 16 17 18 19 20 21 22 23 24 25 26 |
---------------+-------------------------------------------------------------------------------+-----
Dodging        | 3 4 7 9 11 13 14 15 16 18 19 20 22 | 22.0
Short Blades   | 3 4 6 11 13 14 | 14.0
Spellcasting   | 1 2 5 7 13 15 | 15.2
Evocations     | 2 4 6 8 10 | 10.0
Fighting       | 4 5 6 7 8 9 11 12 15 16 19 20 22 | 22.0
Invocations    | 3 7 9 10 11 12 | 12.0
Armour         | 3 4 |  4.0
Throwing       | 5 |  5.0
Stealth        | 9 10 | 10.0
Ranged Weapons | 12 14 15 16 17 20 21 25 | 25.1
Air Magic      | 2 5 |  5.0
Conjurations   | 4 8 10 | 10.0
Transmutations | 4 8 |  8.0
Necromancy     | 10 | 10.0
Earth Magic    | 10 | 10.0

Action                     |  1- 3 |  4- 6 |  7- 9 | 10-12 | 13-15 | 16-18 | 19-21 | 22-24 | 25-27 || total
---------------------------+-------+-------+-------+-------+-------+-------+-------+-------+-------++-------
  Melee: Short sword       |    21 |   131 |   244 |       |       |       |       |       |       ||   396
         Rapier            |   116 |    39 |   176 |   567 |   245 |   451 |       |    31 |       ||  1625
         Punch             |       |     2 |     8 |    12 |    21 |     3 |       |     3 |       ||    49
         Staff             |       |       |       |    83 |   648 |       |       |       |       ||   731
   Fire: Longbow           |       |       |       |       |    42 |   267 |     7 |   379 |   998 ||  1693
         Orcbow            |       |       |       |       |       |  1152 |  1245 |  1349 |       ||  3746
  Throw: Dart              |       |       |       |     2 |     8 |    10 |     3 |       |       ||    23
         Throwing net      |       |       |       |       |       |       |       |     3 |       ||     3
   Cast: Irradiate         |       |       |       |       |       |    24 |    24 |    27 |     8 ||    83
         Wereblood         |       |       |       |       |       |     5 |     1 |     4 |     2 ||    12
         Swiftness         |       |       |       |       |       |     1 |     3 |       |       ||     4
         Borgnjor's Vile C |       |       |       |       |       |       |       |     1 |     8 ||     9
 Invoke: Heroism           |       |       |     3 |     2 |     6 |    14 |     9 |    13 |    11 ||    58
         Receive Weapon    |       |       |       |       |     1 |       |       |       |       ||     1
         Receive Armour    |       |       |       |       |     1 |       |       |       |       ||     1
         Finesse           |       |       |       |       |     3 |     7 |     2 |     3 |     5 ||    20
         Duel              |       |       |       |       |       |       |     1 |     2 |     3 ||     6
Ability: Evoke the Staff o |       |       |       |    33 |   210 |       |       |       |       ||   243
  Evoke: Wand              |     1 |     6 |     9 |     6 |    11 |     5 |    11 |     2 |     1 ||    52
         Tin of tremorston |       |       |       |       |     4 |     2 |       |     2 |     1 ||     9
    Use: Scroll            |     2 |     4 |     5 |     7 |    11 |     5 |    11 |     5 |     9 ||    59
         Potion            |     1 |     1 |     1 |     4 |     3 |     4 |     5 |     6 |    15 ||    40
   Stab: Sleeping          |    14 |     8 |    11 |    24 |    20 |     9 |       |       |       ||    86
         Distracted        |     1 |       |     1 |     2 |     3 |     1 |       |       |       ||     8
 Armour: Leather armour    |    59 |    86 |    22 |       |       |       |   244 |   314 |   163 ||   888
         Ring mail         |       |       |   172 |   127 |       |       |       |       |       ||   299
         Troll leather arm |       |       |       |   141 |   628 |   501 |    87 |       |       ||  1357
         Skin              |       |       |       |    22 |       |       |       |       |       ||    22
  Dodge: Dodged            |    80 |    84 |   262 |   416 |   895 |   797 |   857 |  1123 |   458 ||  4972

Table legend: (Time is in decaauts)
 A = Elapsed time spent in this place.
 B = Non-inter-level travel time spent in this place.
 C = Inter-level travel time spent in this place.
 D = Time resting spent in this place.
 E = Time spent auto-exploring this place.
 F = Levels seen in this place.
 G = Mean time per level.
                   A        B        C        D        E       F      G
               +--------+--------+--------+--------+--------+-----+--------+
         Total |  61869 |  55875 |   5994 |  13510 |  24088 |  61 | 1014.2 |
       Dungeon |  19020 |  16485 |   2535 |   3636 |   7011 |  15 | 1268.0 |
        Temple |     29 |      3 |     26 |      0 |      0 |   1 |   29.0 |
          Lair |   7709 |   7017 |    692 |   2435 |   2580 |   5 | 1541.8 |
        Shoals |   4234 |   3888 |    346 |    753 |   1990 |   4 | 1058.5 |
     Snake Pit |   5813 |   5298 |    515 |   1361 |   2263 |   4 | 1453.2 |
    Slime Pits |    972 |    919 |     53 |    179 |    316 |   5 |  194.4 |
  Orcish Mines |   2533 |   2378 |    155 |    814 |    849 |   2 | 1266.5 |
   Elven Halls |   4485 |   3924 |    561 |   1142 |   1731 |   3 | 1495.0 |
        Vaults |   4425 |   4144 |    281 |    787 |   2270 |   3 | 1475.0 |
        Depths |   4594 |   4203 |    391 |    656 |   2132 |   4 | 1148.5 |
           Zot |   5887 |   5452 |    435 |   1261 |   2619 |   5 | 1177.4 |
        Bailey |    353 |    353 |      0 |     50 |     55 |   1 |  353.0 |
       Volcano |    440 |    440 |      0 |    181 |      0 |   1 |  440.0 |
        Wizlab |    651 |    651 |      0 |     64 |    130 |   1 |  651.0 |
      Gauntlet |    661 |    661 |      0 |    188 |    141 |   1 |  661.0 |
         Arena |     56 |     56 |      0 |      0 |      0 |   6 |    9.3 |
               +--------+--------+--------+--------+--------+-----+--------+

Top non-repeatable levels by time:
  Lair:5: 2800 daAuts
    D:11: 2402 daAuts
    D:10: 2047 daAuts
   Elf:3: 1908 daAuts
Vaults:1: 1850 daAuts
 Snake:1: 1827 daAuts
     D:6: 1789 daAuts
   Zot:5: 1760 daAuts
Shoals:4: 1723 daAuts
Vaults:2: 1675 daAuts
   Zot:3: 1616 daAuts
  Lair:4: 1558 daAuts
 Snake:4: 1527 daAuts
   Elf:1: 1445 daAuts
   Orc:2: 1426 daAuts
